 Dungeon Crawl Stone Soup version 0.30.1-9-gdf580d7c3d (webtiles) character file.

Game seed: 6883258369280940666

254 lonewolfV2 the Shield-Bearer (level 6, -1/42 (53) HPs)
             Began as a Gnoll Fighter on Oct 16, 2023.
             Was an Initiate of Ru.
             Slain by an orc wizard
             ... wielding a +2 dagger of draining
              (3 damage)
             ... on level 4 of the Dungeon.
             The game lasted 00:05:12 (2544 turns).

lonewolfV2 the Shield-Bearer (Gnoll Fighter)        Turns: 2544, Time: 00:05:12

HP:   -1/42 (53)    AC: 11    Str: 24    XL:     6   Next: 15%
MP:   8/8           EV: 10    Int:  7    God:    Ru [......]
Gold: 151           SH:  6    Dex: 11    Spells: 8/8 levels left

rFire   . . .        a - +1 war axe
rCold   . . .        c - +1 buckler
rNeg    . . .        b - +0 scale mail
rPois   .            (no helmet)
rElec   .            n - scarf {repulsion}
rCorr   .            (no gloves)
SInv    .            (no boots)
Will    .....        (no amulet) Stlth
                     g - +6 ring of strength
HPRegen 0.27/turn    k - +4 ring of protection
MPRegen 0.11/turn

%: repel missiles
@: heavily drained
A: fangs 1, strong nose, distributed training
a: Renounce Religion


You were on level 4 of the Dungeon.
You worshipped Ru.
Ru was noncommittal.
You visited 2 branches of the dungeon, and saw 5 of its levels.

You collected 151 gold pieces.

Inventory:

Hand Weapons
 a - a +1 war axe (weapon)
Armour
 b - a +0 scale mail (worn)
 c - a +1 buckler (worn)
 n - a scarf of repulsion (worn)
Jewellery
 g - a +6 ring of strength (left hand)
 k - a +4 ring of protection (right hand)
Scrolls
 o - a scroll of teleportation {unknown}
 q - a scroll of enchant weapon
Potions
 d - 3 potions of might
 f - 2 potions of lignification {unknown}
 h - a potion of ambrosia
 i - 2 potions of heal wounds
 j - a potion of magic {unknown}
 l - a potion of mutation {unknown}
 m - a potion of invisibility {unknown}
 p - 2 potions of brilliance {unknown}


   Skills:
 + Level 6.8 Fighting
 + Level 1.9 Short Blades
 + Level 1.9 Long Blades
 + Level 4.9 Axes
 + Level 1.9 Maces & Flails
 + Level 1.9 Polearms
 + Level 1.9 Staves
 + Level 1.9 Ranged Weapons
 + Level 1.9 Throwing
 + Level 6.8 Armour
 + Level 1.9 Dodging
 + Level 1.9 Stealth
 + Level 6.8 Shields
 + Level 1.9 Unarmed Combat
 + Level 1.9 Spellcasting
 + Level 1.5 Conjurations
 + Level 1.5 Hexes
 + Level 1.5 Summonings
 + Level 1.5 Necromancy
 + Level 1.5 Translocations
 + Level 1.5 Transmutations
 + Level 1.5 Fire Magic
 + Level 1.5 Ice Magic
 + Level 1.5 Air Magic
 + Level 1.5 Earth Magic
 + Level 1.5 Poison Magic
 + Level 2.1 Invocations
 + Level 1.9 Evocations


You had 8 spell levels left.
You didn't know any spells.
Your spell library contained the following spells:

 Spells                   Type           Power      Damage    Failure   Level
 Sandblast                Erth           4%         2d4       50%         1
 Passwall                 Tmut/Erth      1%         N/A       63%         2
 Inner Flame              Hex/Fire       2%         N/A       86%         3
 Stone Arrow              Conj/Erth      4%         3d7       86%         3
 Flame Wave               Conj/Fire      2%         2d4       99%         4
 Sticky Flame             Conj/Fire      2%         2d3       99%         4


Dungeon Overview and Level Annotations

Branches:
Dungeon (4/15)             Temple (1/1) D:4

Altars:
Ashenzari
Cheibriados
Dithmenos
Fedhas
Hepliaklqana
Nemelex Xobeh
Okawaru
Qazlal
Ru
Sif Muna
Trog
Uskayaw
Yredelemnul
The Shining One


Innate Abilities, Weirdness & Mutations

You have very sharp teeth.
Your uncanny sense of smell can sniff out nearby items.
Your experience applies equally to all skills.


Message History

The orc priest is almost dead.
The orc priest hits you but does no damage.
You barely miss the orc priest.
The orc priest is almost dead.
The orc priest invokes the aid of Beogh against you.
Pain shoots through your body!
* * * LOW HITPOINT WARNING * * *
You hit the orc priest.
You kill the orc priest!
Something hits you but does no damage.
You feel drained.
Deactivating autopickup; reactivate with Ctrl-A.
Your life force feels restored.
Unknown command.
You miss something. Something hits you but does no damage.
You feel drained.
You closely miss something. You block something's attack.
You closely miss something.
You hear some strange, mumbled words.
A magic dart appears from out of thin air!
The magic dart hits you but does no damage.
You closely miss something. Your bite misses something.
Something hits you but does no damage.
You feel drained. Something hits you.
* * * LOW HITPOINT WARNING * * *
You feel drained.
You miss something. Something hits you.
* * * LOW HITPOINT WARNING * * *
You feel drained.
* * * LOW HITPOINT WARNING * * *
You barely miss something. Your bite misses something.
Something hits you but does no damage.
You feel drained.
You barely miss something. Something hits you but does no damage.
You feel drained. Something hits you but does no damage.
You feel drained.
You barely miss something. Something hits you.
* * * LOW HITPOINT WARNING * * *
You feel drained.
You closely miss something. Something hits you.
* * * LOW HITPOINT WARNING * * *
You feel drained.
* * * LOW HITPOINT WARNING * * *
You miss something. Something hits you.
You die...

### ..# #.# #.# #.####
#.... #..###
#....####.###############
...............{@)....†>#
#.............#########.#
............ #.#
##........ #.# .......
#.# ...#### #.# .######
#.# .####_### #.# #.....#
#.#


There were no monsters in sight!

Vanquished Creatures
  A jelly (D:4)
  A hound (D:4)
  An orc priest (D:4)
  2 orc wizards (D:3)
  4 adders
  2 worms
  4 dart slugs
  4 orcs
  4 bats
  3 endoplasms
  A giant cockroach (D:4)
  2 goblins
  3 hobgoblins
  4 jackals (D:3)
  4 quokkas
  5 ball pythons
  5 frilled lizards
  8 kobolds
  A rat (D:3)
59 creatures vanquished.

Vanquished Creatures (others)
  An orc wizard (D:4)
1 creature vanquished.

Grand Total: 60 creatures vanquished

Notes
Turn   | Place    | Note
-------+----------+-------------------------------------------
     0 | D:1      | lonewolfV2 the Gnoll Fighter began the quest for the Orb.
     0 | D:1      | Reached XP level 1. HP: 23/23 MP: 1/1
   116 | D:1      | Reached XP level 2. HP: 29/29 MP: 2/2
   714 | D:1      | Found a faded altar of an unknown god.
   753 | D:1      | Reached XP level 3. HP: 35/35 MP: 3/3
   759 | D:1      | Prayed at the altar of an unknown god.
   759 | D:1      | Became a worshipper of Uskayaw the Reveller
   759 | D:1      | Reached * piety under Uskayaw
   761 | D:1      | Fell from the grace of Uskayaw
   934 | D:2      | Reached skill level 1 in Invocations
  1148 | D:2      | Reached skill level 1 in Short Blades
  1148 | D:2      | Reached skill level 1 in Long Blades
  1148 | D:2      | Reached skill level 1 in Maces & Flails
  1148 | D:2      | Reached skill level 1 in Polearms
  1148 | D:2      | Reached skill level 1 in Staves
  1148 | D:2      | Reached skill level 1 in Ranged Weapons
  1148 | D:2      | Reached skill level 1 in Throwing
  1148 | D:2      | Reached skill level 1 in Dodging
  1148 | D:2      | Reached skill level 1 in Stealth
  1148 | D:2      | Reached skill level 1 in Unarmed Combat
  1148 | D:2      | Reached skill level 1 in Spellcasting
  1148 | D:2      | Reached skill level 1 in Evocations
  1185 | D:2      | Found a blossoming altar of Fedhas.
  1356 | D:3      | Reached XP level 4. HP: 39/41 MP: 5/5
  1389 | D:3      | Reached skill level 1 in Conjurations
  1389 | D:3      | Reached skill level 1 in Hexes
  1389 | D:3      | Reached skill level 1 in Summonings
  1389 | D:3      | Reached skill level 1 in Necromancy
  1389 | D:3      | Reached skill level 1 in Translocations
  1389 | D:3      | Reached skill level 1 in Transmutations
  1389 | D:3      | Reached skill level 1 in Fire Magic
  1389 | D:3      | Reached skill level 1 in Ice Magic
  1389 | D:3      | Reached skill level 1 in Air Magic
  1389 | D:3      | Reached skill level 1 in Earth Magic
  1389 | D:3      | Reached skill level 1 in Poison Magic
  1739 | D:3      | Reached XP level 5. HP: 47/47 MP: 7/7
  1879 | D:4      | Paralysed by the fury of Uskayaw for 2 turns
  1912 | D:4      | Found a staircase to the Ecumenical Temple.
  2107 | Temple   | Entered the Ecumenical Temple
  2173 | Temple   | Became a worshipper of Ru the Awakened
  2279 | D:4      | Found a shadowy altar of Dithmenos.
  2368 | D:4      | Found a glowing golden altar of the Shining One.
  2519 | D:4      | Reached XP level 6. HP: 39/53 MP: 8/8
  2543 | D:4      | HP: 2/42 [something (1)]
  2544 | D:4      | Slain by an orc wizard

Illustrated notes

Levels and vault maps discovered:
D:1:      dpeg_arrival_brainrot, layout_loops_ring,
          shapermc_ecumenical_altar_flowoftime, nrook_mini_backslash
D:2:      layout_basic, basic_altar
D:3:      layout_basic
D:4:      layout_basic, tso_altar, mainiacjoe_overflow_chevrons,
          minmay_temple_entry_sparse_star
Temple:   nicolae_temple_superstar

Skill      XL: |  1  2  3  4  5 |
---------------+----------------+-----
Invocations    | 1 2 |  2.1
Short Blades   | 1 |  1.9
Long Blades    | 1 |  1.9
Maces & Flails | 1 |  1.9
Polearms       | 1 |  1.9
Staves         | 1 |  1.9
Ranged Weapons | 1 |  1.9
Throwing       | 1 |  1.9
Dodging        | 1 |  1.9
Stealth        | 1 |  1.9
Unarmed Combat | 1 |  1.9
Spellcasting   | 1 |  1.9
Evocations     | 1 |  1.9
Conjurations   | 1 |  1.5
Hexes          | 1 |  1.5
Summonings     | 1 |  1.5
Necromancy     | 1 |  1.5
Translocations | 1 |  1.5
Transmutations | 1 |  1.5
Fire Magic     | 1 |  1.5
Ice Magic      | 1 |  1.5
Air Magic      | 1 |  1.5
Earth Magic    | 1 |  1.5
Poison Magic   | 1 |  1.5
Fighting       | |  6.8
Axes           | |  4.9
Armour         | |  6.8
Shields        | |  6.8

Action                     |  1- 3 |  4- 6 || total
---------------------------+-------+-------++-------
  Melee: War axe           |    69 |    93 ||   162
         Bite              |     3 |    10 ||    13
 Invoke: Renounce Religion |     1 |       ||     1
    Use: Scroll            |     6 |     3 ||     9
         Potion            |       |     2 ||     2
 Armour: Scale mail        |    30 |    46 ||    76
  Dodge: Dodged            |    26 |    49 ||    75
  Block: Buckler           |    19 |    30 ||    49
